 Dungeon Sprint DCSS version 0.18-a0-124-g4fdfa27 (webtiles) character file.

1828 Kidiri the Covert (level 8, -4/40 HPs)
             Began as a Spriggan Enchanter on Nov 20, 2015.
             Was an Initiate of Dithmenos.
             Slain by a tentacle (22 damage)
             ... attached to a kraken
             ... in the Dungeon (Sprint II: "The Violet Keep of Menkaure").
             The game lasted 00:07:29 (723 turns).

Kidiri the Covert (Spriggan Enchanter)               Turns: 723, Time: 00:07:29

Health: -4/40      AC:  3    Str:  4    XL:     8   Next: 86%
Magic:  16/22      EV: 27    Int: 17    God:    Dithmenos [......]
Gold:   204        SH:  0    Dex: 18    Spells: 9 memorised, 0 levels left

rFire  . . .     SeeInvis +     a - +1 dagger
rCold  . . .     Clarity  .     b - +1 robe
rNeg   . . .     SustAt   .     (shield restricted)
rPois  .         Gourm    .     (helmet restricted)
rElec  .         Spirit   .     (no cloak)
rCorr  .         Warding  .     (gloves unavailable)
rMut   .         NoTele   +     (boots unavailable)
MR     +....                    (no amulet)
Stlth  +++++++...               (no ring)
                                (no ring)

@: very quick, somewhat resistant to hostile enchantments, extremely stealthy
A: unfitting armour, see invisible, herbivore 3, speed 3, slow metabolism 2
a: Renounce Religion


You were in the Dungeon.
You worshipped Dithmenos.
Dithmenos was noncommittal.
You were not hungry.

You visited 1 branch You collected 1179 gold pieces.
You spent 975 gold pieces at shops.

Inventory:

Hand Weapons
 a - a +1 dagger (weapon)
Armour
 b - a +1 robe (worn)
Scrolls
 j - 3 scrolls of blinking
 m - a scroll of fog
 q - 2 scrolls of immolation {unknown}
 t - 2 scrolls of remove curse {unknown}
 w - a scroll of amnesia
 x - 2 scrolls of enchant weapon {unknown}
Potions
 e - a potion of curing
 f - 2 potions of heal wounds
 g - a potion of haste
 h - 5 potions of magic
 i - 6 potions of agility {unknown}
 l - 3 potions of might {unknown}
 o - 3 potions of resistance {unknown}
 p - 4 potions of flight {unknown}
 r - a potion of degeneration
 s - a potion of mutation
 v - a potion of cancellation
Books
 c - a book of Maledictions

   Spells                             Type                      Level
   a - Corona                         Hexes                        1
   b - Ensorcelled Hibernation        Hexes/Ice                    2
   c - Confuse                        Hexes                        3
   d - Tukima's Dance                 Hexes                        3
   e - Dazzling Spray                 Conjuration/Hexes            3
 k - a book of Burglary

   Spells                             Type                      Level
   a - Swiftness                      Charms/Air                   2
   b - Passwall                       Transmutation/Earth          3
   c - Passage of Golubria            Translocation                4
   d - Lee's Rapid Deconstruction     Earth                        5
   e - Darkness                       Hexes                        6
   f - Invisibility                   Hexes                        6
Comestibles
 d - a bread ration
 u - a fruit


   Skills:
 + Level 3.2 Fighting
 * Level 6.5 Short Blades
 + Level 2.9 Armour
 * Level 10.7 Dodging
 * Level 14.4 Stealth
 * Level 9.8 Spellcasting
 + Level 3.0 Conjurations
 * Level 11.8 Hexes
 + Level 0.0 Charms
 + Level 0.0 Translocations
 + Level 0.0 Transmutations
 + Level 3.3 Ice Magic
 + Level 0.0 Air Magic
 + Level 0.0 Earth Magic
 + Level 0.0 Invocations


You couldn't memorise any spells.
You knew the following spells:

 Your Spells              Type           Power        Failure   Level  Hunger
a - Corona                Hex            #####..      1%          1    None
b - Ensorcelled Hibernat  Hex/Ice        ####..       1%          2    None
c - Confuse               Hex            #####...     1%          3    None
d - Tukima's Dance        Hex            #####...     1%          3    None
e - Dazzling Spray        Conj/Hex       ####....     1%          3    None
f - Swiftness             Chrm/Air       #.......     17%         2    None
g - Passwall              Trmt/Erth      #.........   30%         3    None
h - Passage of Golubria   Tloc           N/A          89%         4    ###....
i - Lee's Rapid Deconstr  Erth           #.........   100%        5    #####..


Dungeon Overview and Level Annotations

Branches:
Dungeon (1/1)

Altars:
Cheibriados
Dithmenos
Elyvilon
Fedhas
Gozag
Kikubaaqudgha
Makhleb
Nemelex Xobeh
Okawaru
Qazlal
Ru
Sif Muna
Trog
Vehumet
Xom
Yredelemnul
Zin
The Shining One
Beogh
Jiyva
Lugonu

Shops:
D **:[![}(!?==%[::

Annotations:
D exclusions: oklob plant and 1 more exclusion


Innate Abilities, Weirdness & Mutations

You are tiny and cannot use many weapons and most armour.
You have supernaturally acute eyesight.
You are a herbivore.
You cover ground extremely quickly.
You need consume almost no food.


Message History

Casting: Dazzling Spray
Confirm with . or Enter, or press ? or * to list all spells.
Aiming: Dazzling Spray
Press: ? - help, Shift-Dir - straight line, f - tentacle
Aim: a tentacle The spray of energy hits the tentacle.
The tentacle is lightly wounded.
The tentacle completely misses you.
Casting: Dazzling Spray
Confirm with . or Enter, or press ? or * to list all spells.
Aiming: Dazzling Spray
Press: ? - help, Shift-Dir - straight line, f/p - tentacle
Aim: a tentacle (lightly wounded)
The spray of energy hits the tentacle.
The tentacle is lightly wounded.
The tentacle slaps you!!
Ouch! That really hurt!
The tentacle slaps you!!
Ouch! That really hurt!
You die...

#[)▓...).)).▓▓ #.
#|:▓....()..▓▓
+.####="▓.....[%(▓▓
...####▓)...).).▓▓
#..##)#▓....(...▓▓
+..#%.#▓%(....).▓▓
#..#%%#▓(.....[(▓▓
###..##.#▓.))[....▓▓
.###...##▓▓▓▓▓▓▓@▓▓▓▓+▓
...≈≈≈≈≈≈≈≈≈≈≈≈≈.w*Xw≈▓
..†≈#+########+###w≈w≈▓
≈..≈#_._._...#{§§##≈≈≈▓
≈≈.≈#._._._..#{≈≈≈####▓
§≈≈≈#_._._._.#≈≈§§≈#
≈≈≈≈#._._._._#≈≈§§≈≈
≈≈§≈#.._._._.#§§≈≈§§
##≈≈#..._._._#§§§§§t


You could see a kraken and 4 tentacles.

Vanquished Creatures
  A yaktaur (D)
  3 polar bears (D)
  Menkaure (D)
  4 necrophages (D)
  A wasp (D)
  4 brain worms (D)
  4 worker ants (D)
  A hell rat (D)
  3 worms (D)
22 creatures vanquished.

Vanquished Creatures (others)
  A crocodile (D)
  6 tentacle segments (D)
7 creatures vanquished.

Grand Total: 29 creatures vanquished

Notes
Turn   | Place    | Note
--------------------------------------------------------------
     0 | D        | Kidiri the Spriggan Enchanter began the quest for the Orb.
     0 | D        | Reached XP level 1. HP: 9/9 MP: 5/5
     1 | D        | Noticed a brain worm
     1 | D        | Noticed a brain worm
     1 | D        | Noticed a brain worm
     1 | D        | Noticed a brain worm
    13 | D        | Killed a brain worm
    13 | D        | Reached skill level 8 in Stealth
    13 | D        | Reached XP level 2. HP: 10/13 MP: 4/8
    13 | D        | Reached XP level 3. HP: 12/16 MP: 5/10
    14 | D        | Killed a brain worm
    14 | D        | Reached skill level 5 in Dodging
    14 | D        | Reached skill level 9 in Stealth
    14 | D        | Reached skill level 5 in Spellcasting
    14 | D        | Reached XP level 4. HP: 15/21 MP: 5/12
    17 | D        | Killed a brain worm
    17 | D        | Reached skill level 11 in Stealth
    17 | D        | Reached XP level 5. HP: 17/24 MP: 6/14
    33 | D        | Learned a level 2 spell: Ensorcelled Hibernation
    37 | D        | Learned a level 3 spell: Confuse
    41 | D        | Learned a level 3 spell: Tukima's Dance
    45 | D        | Learned a level 3 spell: Dazzling Spray
   165 | D        | Reached XP level 6. HP: 28/28 MP: 16/16
   166 | D        | Reached skill level 10 in Hexes
   172 | D        | Reached skill level 12 in Stealth
   174 | D        | Reached skill level 1 in Ice Magic
   189 | D        | Reached skill level 1 in Fighting
   189 | D        | Reached skill level 1 in Armour
   189 | D        | Reached skill level 1 in Conjurations
   190 | D        | Reached XP level 7. HP: 31/33 MP: 19/19
   207 | D        | Reached skill level 13 in Stealth
   248 | D        | Found Wuoxetel's Jewellery Shop.
   248 | D        | Found Gapokuv's Distillery.
   248 | D        | Found Piamu's Antique Armour Shop.
   248 | D        | Found Dixoept's Magic Scroll Boutique.
   248 | D        | Found Suadghykly's Book Shop.
   248 | D        | Found Jaryer's Jewellery Boutique.
   248 | D        | Found Haudghog's Antique Weapon Shop.
   248 | D        | Found Ussumeud's Food Boutique.
   248 | D        | Found Janwoum's Book Boutique.
   269 | D        | Noticed an orange crystal statue
   271 | D        | Noticed Menkaure
   273 | D        | Killed Menkaure
   288 | D        | Noticed a flying skull
   288 | D        | Noticed a flying skull
   289 | D        | Noticed a flying skull
   289 | D        | Noticed a flying skull
   289 | D        | Noticed a flying skull
   289 | D        | Noticed a flying skull
   289 | D        | Noticed a flying skull
   290 | D        | Noticed a flying skull
   290 | D        | Noticed a flying skull
   290 | D        | Noticed a flying skull
   290 | D        | Noticed a flying skull
   371 | D        | Noticed a flying skull
   388 | D        | Found Yroa's Gadget Shop.
   388 | D        | Found Noipsup's Antique Armour Boutique.
   389 | D        | Noticed a slime creature
   392 | D        | Noticed a slime creature
   393 | D        | Found Ypiugesm's Distillery.
   393 | D        | Found Xuth's Antique Armour Shop.
   393 | D        | Noticed a slime creature
   393 | D        | Noticed an oklob plant
   394 | D        | Found Onyosog's General Store.
   394 | D        | Found Volaw's Book Shoppe.
   394 | D        | Found Zeyrghy's General Store.
   432 | D        | Found a shadowy altar of Dithmenos.
   432 | D        | Found a deep blue altar of Sif Muna.
   433 | D        | Found a shimmering altar of Xom.
   433 | D        | Found a viscous altar of Jiyva.
   434 | D        | Found a glowing silver altar of Zin.
   434 | D        | Found an iron altar of Okawaru.
   434 | D        | Found a corrupted altar of Lugonu.
   435 | D        | Found a white marble altar of Elyvilon.
   435 | D        | Found a stormy altar of Qazlal.
   435 | D        | Found a snail-covered altar of Cheibriados.
   436 | D        | Found a sacrificial altar of Ru.
   436 | D        | Found a radiant altar of Vehumet.
   436 | D        | Found a blossoming altar of Fedhas.
   437 | D        | Found a glowing golden altar of the Shining One.
   437 | D        | Found an ancient bone altar of Kikubaaqudgha.
   437 | D        | Found a sparkling altar of Nemelex Xobeh.
   438 | D        | Found an opulent altar of Gozag.
   438 | D        | Found a roughly hewn altar of Beogh.
   439 | D        | Found a basalt altar of Yredelemnul.
   440 | D        | Noticed a yaktaur
   440 | D        | Noticed a polar bear
   441 | D        | Noticed a polar bear
   441 | D        | Noticed a polar bear
   442 | D        | Killed a polar bear
   442 | D        | Reached skill level 5 in Short Blades
   442 | D        | Reached XP level 8. HP: 39/39 MP: 21/21
   443 | D        | Killed a polar bear
   445 | D        | Reached skill level 10 in Dodging
   446 | D        | Killed a polar bear
   446 | D        | Reached skill level 14 in Stealth
   448 | D        | Killed a yaktaur
   496 | D        | Bought a book of Burglary for 975 gold pieces
   499 | D        | Learned a level 2 spell: Swiftness
   503 | D        | Learned a level 3 spell: Passwall
   508 | D        | Learned a level 4 spell: Passage of Golubria
   514 | D        | Learned a level 5 spell: Lee's Rapid Deconstruction
   521 | D        | Noticed an ice dragon
   578 | D        | Found a bloodstained altar of Trog.
   578 | D        | Found a burning altar of Makhleb.
   580 | D        | Became a worshipper of Dithmenos the Shadowed
   591 | D        | Noticed a kraken
   723 | D        | Slain by a tentacle

Vault maps used:
D:        the_violet_keep_of_menkaure

Action                   |  1- 3 |  4- 6 |  7- 9 || total
-------------------------+-------+-------+-------++-------
Melee: Dagger            |     9 |    14 |    18 ||    41
 Cast: Ensorcelled Hiber |       |       |     5 ||     5
       Confuse           |       |       |     1 ||     1
       Dazzling Spray    |       |       |     3 ||     3
  Use: Potion            |     1 |       |       ||     1
       Scroll            |       |       |     5 ||     5
 Stab: Sleeping          |     1 |     6 |    11 ||    18
       Confused          |       |       |     1 ||     1
